Unix NetHack Version 5.0.0-0 post-release - last build May 23 2026 06:08:33 (1c0ff79ee797540d5714e4e18072db0edd9e58ae,branch:main).

Game began 2026-05-25 15:01:56, ended 2026-05-25 15:12:41.

DoomChicken, chaotic female elven Priestess

                     ------       ------
                     |....-#######-.{.^|
      -----------   #.....|##     |.....#                  ------------
      |..........# ##|....| ##    ----.-#    ##############...........|
      |.{.......|# # |....|  ##       # #  ###--------    #|...........#
      ---------.-# * |....|   ##      # ## #  |......| ####...........|#
             ### # # --|---    #      #  # #  |......-#### |..........|#
             #  ####   ####    #      # ####  |{<....| ##  ------------#
             #  # #  ###  #    ##     ####    -----.-- #               #
           ###  # #  #    ##    #     ##################               #
           #    # ####`############%####  #    ##                      #
        ####    # #-.--------   #--.-+--  #   ##                      ###
        #      ## #|.....*..|   #-.....|  #  -.------                 #-|----
     ---.- #####  #.........|    |.....|  #  |......|                 #|..>.|
     |...| #      #|........|    |.....|  ###-......|                 #.....|
     |....#########|.........    |.....|#####|....B.|                  |{...|
     |...|         ----------    |......#   #...B..@|                  |....|
     |...|                       |.....|     --------                  ------
     -----                       -------

DoomChicken the Acolyte      St:12 Dx:11 Co:12 In:11 Wi:20 Ch:11  Chaotic
Dlvl:1  $:48 HP:0(23) Pw:37(37) AC:7  Xp:3 T:1217  Hungry   Burdened

Latest messages:
 There's some graffiti on the floor here.
 You read: "Gala|rie|".
 You miss the cave spider.
 The cave spider bites!
 You miss the cave spider.
 The cave spider bites!
 You kill the cave spider!
 You climb up the stairs.
 The sewer rat bites!
 You miss the sewer rat.
 The sewer rat bites!
 You kill the sewer rat!
 The sewer rat bites!
 You kill the sewer rat!
 You are beginning to feel hungry.
 You kill the gecko!
 You see here a gecko corpse.
 There is a gecko corpse here; eat it? [ynq] (n) y
 This gecko corpse is fatty.
 You finish eating the gecko corpse.
 You are beginning to feel hungry.
 You climb up the stairs.
 You descend the stairs.
 The door opens.
 You miss the hobbit.
 You hit the hobbit.
 The hobbit thrusts her dagger.
 The hobbit hits!
 You kill the hobbit!
 You have a little trouble lifting a hobbit corpse.  Continue? [ynq] (q) y
 You have a little trouble lifting n - a hobbit corpse.
 Your movements are slowed slightly because of your load.
 You climb up the stairs.
 The bat bites!
 The bat bites!
 The bat bites!
 The bat bites!
 What do you want to sacrifice? [n or ?*] n
 Nothing happens.
 The bat bites!
 The bat bites!
 Are you sure you want to pray? [yn] (n) y
 You begin praying to Quetzalcoatl.
 The bat bites!
 You die...
 Do you want your possessions identified? [ynq] (y) y
 Do you want to see your attributes? [ynq] (y) y
 Do you want an account of creatures vanquished? [ynaq] (y) y
 Do you want to see your conduct and achievements? [ynq] (y) y
 Do you want to see the dungeon overview? [ynq] (y) y

Inventory:
 Coins    ('$')
  $ - 48 gold pieces
 Weapons  (')')
  a - a blessed +1 mace (weapon in left hand)
 Armor    ('[')
  c - a +0 small shield (being worn)
  b - a +0 robe (being worn)
 Comestibles  ('%')
  e - a clove of garlic
  f - a sprig of wolfsbane
  n - a hobbit corpse
 Scrolls  ('?')
  j - a scroll of identify
 Spellbooks  ('+')
  h - a spellbook of cure sickness
  g - a spellbook of detect monsters
 Potions  ('!')
  l - a potion of levitation
  d - 4 potions of holy water
 Tools    ('(')
  i - a bugle

DoomChicken the Priestess's attributes:

Background:
 You were an Acolyte, a level 3 elven Priestess.
 You were chaotic, on a mission for Huhetotl
 who was opposed by Quetzalcoatl (lawful) and Camaxtli (neutral).
 You were left-handed.
 You were in the Dungeons of Doom, on level 1.
 You entered the dungeon 1217 turns ago.
 You had 58 experience points, 22 more were needed to attain level 4.

Basics:
 You had 0 out of 23 hit points.
 You had all 37 energy points (spell power).
 Your armor class was 7.
 Your wallet contained 48 zorkmids.
 Autopickup was on for '?!/"$=+' plus thrown.

Final Characteristics:
 Your strength was 12 (limit:18).
 Your dexterity was 11 (limit:18).
 Your constitution was 12 (limit:16).
 Your intelligence was 11 (limit:20).
 Your wisdom was 20 (limit:20).
 Your charisma was 11 (limit:18).

Final Status:
 You were hungry.
 You were burdened; movement was slightly slowed.
 You were wielding a mace.
 You had basic skill with mace.

Final Attributes:
 You were devoutly aligned.
 You had infravision.
 You were guarded.
 Your spell casting was enhanced by wearing a robe.
 You are dead.

Miscellaneous:
 You didn't encounter any bones levels.
 Total elapsed playing time was 10 minutes and 44 seconds.

Major events:
 Turn
    1: DoomChicken the chaotic elven Priestess entered the dungeon
  615: attained the rank of Acolyte (level 3)
 1217: killed by a bat, while praying

Spells:
 Name                 Level Category     Fail Retention
 detect monsters        1   divination     0%  76%-100%
 cure sickness          3   healing       50%  76%-100%

Skills:
 Fighting Skills
   bare handed combat [Unskilled]
 Weapon Skills
   club               [Unskilled]
   mace               [Basic]
   morning star       [Unskilled]
   flail              [Unskilled]
   hammer             [Unskilled]
   quarterstaff       [Unskilled]
   polearms           [Unskilled]
   spear              [Unskilled]
   trident            [Unskilled]
   lance              [Unskilled]
   bow                [Unskilled]
   sling              [Unskilled]
   crossbow           [Unskilled]
   dart               [Unskilled]
   shuriken           [Unskilled]
   boomerang          [Unskilled]
   unicorn horn       [Unskilled]
 Spellcasting Skills
   healing spells     [Unskilled]
   divination spells  [Unskilled]
   clerical spells    [Basic]

Voluntary challenges:
 Character rerolling was not enabled.
 You were illiterate.
 You never genocided any monsters.
 You never polymorphed an object.
 You never changed form.
 You used no wishes.
Achievement:
 You attained the rank of Acolyte.

 The Dungeons of Doom: levels 1 to 4
    Level 1: <- You were here.
       An altar, many fountains, a sink.
       Final resting place for
          you, killed by a bat, while praying.
    Level 2:
       A fountain.
    Level 3:
    Level 4:


Vanquished creatures:
  a hobbit
  2 giant rats
  a cave spider
  a gecko
  a fox
  a kobold
  4 sewer rats
  3 grid bugs
  7 lichens
  a newt
22 creatures vanquished.

No species were genocided or became extinct.

Game over:
                       ----------
                      /          \
                     /    REST    \
                    /      IN      \
                   /     PEACE      \
                  /                  \
                  |   DoomChicken    |
                  |      48 Au       |
                  | killed by a bat  |
                  |                  |
                  |                  |
                  |                  |
                  |       2026       |
                 *|     *  *  *      | *
        _________)/\\_//(\/(/\)/\//\/|_)_______

Goodbye DoomChicken the Priestess...

You died in The Dungeons of Doom on dungeon level 1 with 426 points,
and 48 pieces of gold, after 1217 moves.
You were level 3 with a maximum of 23 hit points when you died.

